 Dungeon Crawl Stone Soup version 0.26-a0-639-g72c4674329 (webtiles) character file.

Game seed: 5307429807203238614

9886 Peloso the Carver (level 11, -4/84 HPs)
             Began as a Demonspawn Fighter on Sept 15, 2020.
             Was a High Priest of Okawaru.
             Killed by divine providence
             ... invoked by an orc priest
              (15 damage)
             ... on level 10 of the Dungeon.
             The game lasted 00:28:58 (12562 turns).

Peloso the Carver (Demonspawn Fighter)             Turns: 12562, Time: 00:29:02

Health: -4/84      AC: 22    Str: 20    XL:     11   Next: 28%
Magic:  10/11      EV: 10    Int: 16    God:    Okawaru [*****.]
Gold:   135        SH: 14    Dex: 12    Spells: 10/10 levels left

rFire    . . .     SeeInvis .   a - +0 falchion (vorpal)
rCold    . . .     Faith    .   c - +1 kite shield
rNeg     . . .     Spirit   .   B - +0 plate armour
rPois    .         Reflect  .   (no helmet)
rElec    .         Harm     .   m - +2 cloak
rCorr    .         Rampage  .   (no gloves)
MR       +....                  e - +0 pair of boots
Stlth    ..........             (no amulet)
HPRegen  0.24/turn              f - +6 ring of intelligence
MPRegen  0.12/turn              y - ring of protection from magic

@: mighty, heroism, marked
A: hooves 2, demonic guardian 1, sharp scales 2
a: Heroism, Finesse, Renounce Religion


You were on level 10 of the Dungeon.
You worshipped Okawaru.
Okawaru was extremely pleased with you.
You visited 2 branches of the dungeon, and saw 11 of its levels.
You also visited: Ossuary.

You collected 135 gold pieces.

Inventory:

Hand Weapons
 a - a +0 vorpal falchion (weapon)
 b - the +3 fustibalus of Doom {freeze, rPois MR- Int+3, unknown}
   (Okawaru gifted it to you on level 8 of the Dungeon)

   It causes projectiles fired from it to freeze those they strike, causing
   extra injury to most foes and up to half again as much damage against
   particularly susceptible opponents.
   They can also slow down cold-blooded creatures.
   It affects your intelligence (+3).
   It protects you from poison.
   It affects your resistance to hostile enchantments.
Armour
 c - a +1 kite shield (worn)
 e - a +0 pair of boots (worn)
 j - a +0 chain mail
 m - a +2 cloak (worn)
 B - a +0 plate armour (worn)
Jewellery
 f - a +6 ring of intelligence (left hand)
 g - a +4 ring of protection
 q - a +4 ring of evasion
 y - a ring of protection from magic (right hand)
Wands
 x - a wand of enslavement (15)
 J - a wand of paralysis (9)
Scrolls
 h - 4 scrolls of identify
 o - 3 scrolls of remove curse
 r - 3 scrolls of enchant weapon
 C - 3 scrolls of magic mapping
 D - 3 scrolls of fog
 E - a scroll of immolation {unknown}
 F - a scroll of random uselessness {unknown}
 H - a scroll of blinking {unknown}
Potions
 d - a potion of might
 k - 3 potions of haste
 l - a potion of invisibility
 n - a potion of ambrosia
 p - a potion of stabbing {unknown}
 s - 2 potions of brilliance
 t - 5 potions of flight {unknown}
 u - 3 potions of curing
 v - a potion of berserk rage {unknown}
 w - 2 potions of degeneration {unknown}
 z - 2 potions of heal wounds {unknown}
 A - 2 potions of resistance
 G - a potion of lignification {unknown}
 I - a potion of magic {unknown}


   Skills:
 + Level 7.6(12.6) Fighting
 + Level 10.6(15.6) Long Blades
 + Level 7.3(12.3) Armour
 + Level 3.2(8.2) Dodging
 + Level 1.4(6.4) Stealth
 + Level 8.0(13.0) Shields
 + Level 1.1 Invocations


You had 10 spell levels left.
You didn't know any spells.
Your spell library contained the following spells:

 Spells                   Type           Power        Failure   Level
 Confusing Touch          Hex            #.......     100%        3
 Gell's Gravitas          Tloc           #.........   100%        3
 Petrify                  Tmut/Erth      #.......     100%        4
 Metabolic Englaciation   Hex/Ice        #.........   100%        5
 Yara's Violent Unravell  Hex/Tmut       #.........   100%        5


Dungeon Overview and Level Annotations

Branches:
Dungeon (10/15)            Temple (1/1) D:4            Lair (0/6) D:9
    Orc (0/2) D:9         Ossuary (visited)

Altars:
Gozag
Hepliaklqana
Kikubaaqudgha
Makhleb
Okawaru
Ru
Sif Muna
Uskayaw
Vehumet
Zin

Annotations:
D:8 Maurice
D:10 Urug


Innate Abilities, Weirdness & Mutations

You have hoof-like feet.
A weak demonic guardian rushes to your aid.
You are mostly covered in razor-sharp scales. (AC +2, Slay +2)


Message History

The hornet stings you but does no damage.
The sky beast hits you but does no damage.
The hornet stings you but does no damage.
Your quasit completely misses the hornet.
Your quasit barely misses the hornet.
Your quasit claws the hornet but does no damage.
The sky beast hits you but does no damage.
The hornet stings you.
* * * LOW HITPOINT WARNING * * *
You feel yourself slow down.
Your quasit closely misses the hornet.
Your quasit barely misses the hornet.
Your quasit claws the hornet but does no damage.
You can move again.
You feel better.
You feel yourself speed up. You block the hornet's attack.
Your quasit misses the hornet.
Your quasit claws the hornet.
Your quasit closely misses the hornet.
The orc priest calls down the wrath of Beogh upon you.
Beogh smites you!
You die...

......# ..... #...#
#...# #...####.#
#........# #<..#
###+###########.########
....olooY@y5............
.....o#########..#######
..... #..# ...o #..# ...
#..# .. #.?# . #... #?.;
≈;≈≈


You could see Urug, a hornet, a sky beast, 2 orc priests, an orc, a leopard
gecko and a friendly quasit (summoned).

Vanquished Creatures
  Harold (D:10)
  3 death yaks (D:8)
  A two-headed ogre (D:6)
  Joseph (D:9)
  A kobold demonologist (D:8)
  A hippogriff (D:8)
  A shadow (D:9)
  2 yaks (D:8)
  2 sky beasts
  Purgy (D:4)
  5 ice beasts
  2 black bears
  6 orc warriors
  7 phantoms
  4 ogres (D:8)
  3 centaurs
  An elf zombie (Ossuary)
  2 big kobolds
  5 bullfrogs
  A water moccasin zombie (D:6)
  3 scorpions
  3 troll zombies (D:9)
  3 killer bees (D:8)
  3 wights (D:8)
  6 orc priests
  2 centaur zombies (Ossuary)
  2 hounds (D:8)
  A bullfrog skeleton (D:5)
  3 gnoll shamans (D:3)
  An iguana (D:7)
  7 orc wizards
  Natasha (thrice) (D:4)
  9 worker ants
  A big kobold zombie (Ossuary)
  5 ogre zombies (D:9)
  A hound zombie (D:5)
  2 mummies (Ossuary)
  25 gnolls
  12 adders
  4 shadow imps
  A white imp (D:5)
  2 ufetubi
  2 oozes
  3 adder zombies (Ossuary)
  A worm (D:2)
  3 dart slugs (D:1)
  6 leopard geckos
  33 orcs
  7 giant cockroaches
  7 goblins
  7 hobgoblins
  26 jackals
  7 kobolds
  4 quokkas
  8 bats
  4 frilled lizards
  4 goblin zombies
  10 hobgoblin zombies
  A jackal skeleton (D:5)
  A jackal zombie (Ossuary)
  8 kobold zombies (Ossuary)
  A leopard gecko skeleton (D:5)
  3 orc skeletons (D:9)
  23 orc zombies
  7 rats
  A rat zombie (Ossuary)
326 creatures vanquished.

Vanquished Creatures (collateral kills)
  A kobold demonologist (D:8)
  A yak (D:8)
  A worker ant (D:8)
  2 orcs (D:9)
  A hobgoblin zombie (D:9)
  A kobold (D:9)
  2 orc zombies (D:9)
9 creatures vanquished.

Vanquished Creatures (others)
  An orc zombie (D:9)
  3 plants (D:3)
  A withered plant (D:4)
5 creatures vanquished.

Grand Total: 340 creatures vanquished

Notes
Turn   | Place    | Note
-------+----------+-------------------------------------------
     0 | D:1      | Peloso the Demonspawn Fighter began the quest for the Orb.
     0 | D:1      | Reached XP level 1. HP: 18/18 MP: 1/1
    58 | D:1      | Reached skill level 2 in Long Blades
    58 | D:1      | Gained mutation: You are partially covered in razor-sharp
                  | scales. (AC +1, Slay +1) [demonic ancestry]
    58 | D:1      | Reached XP level 2. HP: 3/24 MP: 2/2
   669 | D:1      | Reached XP level 3. HP: 29/29 MP: 3/3
  1248 | D:2      | Reached XP level 4. HP: 35/35 MP: 4/4
  1947 | D:3      | Found an opulent altar of Gozag.
  1988 | D:3      | Reached skill level 3 in Long Blades
  2195 | D:3      | Gained mutation: You are mostly covered in razor-sharp
                  | scales. (AC +2, Slay +2) [demonic ancestry]
  2195 | D:3      | Reached XP level 5. HP: 36/41 MP: 5/5
  2419 | D:3      | Reached skill level 1 in Dodging
  2746 | D:3      | Reached XP level 6. HP: 46/47 MP: 6/6
  3041 | D:3      | Reached skill level 4 in Long Blades
  3497 | D:3      | Reached XP level 7. HP: 53/53 MP: 7/7
  3847 | D:4      | Found an ancient bone altar of Kikubaaqudgha.
  3869 | D:4      | Noticed Natasha
  3877 | D:4      | Killed Natasha
  3896 | D:4      | Noticed Natasha
  3914 | D:4      | Killed Natasha
  4072 | D:4      | Found a staircase to the Ecumenical Temple.
  4126 | Temple   | Entered the Ecumenical Temple
  4134 | Temple   | Became a worshipper of Warmaster Okawaru
  4152 | D:4      | Noticed Natasha
  4161 | D:4      | Killed Natasha
  4187 | D:4      | Found a burning altar of Makhleb.
  4440 | D:4      | Noticed Purgy
  4455 | D:4      | Killed Purgy
  4455 | D:4      | Reached skill level 5 in Long Blades
  4653 | D:5      | Entered Level 5 of the Dungeon
  4853 | D:5      | Found a sacrificial altar of Ru.
  4923 | D:5      | Got a transparent dagger
  4924 | D:5      | Identified the +2 dagger of Hahab {vorpal, rElec} (You
                  | found it on level 5 of the Dungeon)
  5043 | D:5      | Gained mutation: You have large cloven feet. [demonic
                  | ancestry]
  5043 | D:5      | Reached XP level 8. HP: 39/61 MP: 8/8
  5472 | D:5      | You fall into a shaft and drop 3 floors!
  5675 | D:8      | Found an iron altar of Okawaru.
  5700 | D:8      | Reached skill level 6 in Long Blades
  5826 | D:7      | Reached * piety under Okawaru
  5847 | D:7      | Found a shimmering blue altar of Sif Muna.
  5888 | D:7      | Found a sand-covered staircase.
  5897 | Ossuary  | Entered an ossuary
  6157 | Ossuary  | Reached skill level 5 in Shields
  6376 | D:7      | Reached skill level 5 in Fighting
  6376 | D:7      | Reached skill level 5 in Armour
  6619 | D:7      | Reached skill level 7 in Long Blades
  6915 | D:7      | Found a hazy altar of Hepliaklqana.
  7308 | D:6      | Gained mutation: You have hoof-like feet. [demonic
                  | ancestry]
  7308 | D:6      | Reached XP level 9. HP: 65/68 MP: 9/9
  7328 | D:6      | Noticed a two-headed ogre
  7341 | D:6      | Killed a two-headed ogre
  7341 | D:6      | Reached ** piety under Okawaru
  7531 | D:6      | Reached skill level 8 in Long Blades
  7554 | D:6      | Reached *** piety under Okawaru
  8037 | D:6      | Found a radiant altar of Vehumet.
  8386 | D:8      | Reached skill level 9 in Long Blades
  8517 | D:8      | Reached **** piety under Okawaru
  8517 | D:8      | Gained mutation: A weak demonic guardian rushes to your
                  | aid. [demonic ancestry]
  8517 | D:8      | Reached XP level 10. HP: 72/77 MP: 10/10
  9109 | D:9      | Noticed Joseph
  9113 | D:9      | Noticed Maurice
  9122 | D:9      | Killed Joseph
  9370 | D:9      | Noticed a sixfirhy
  9372 | D:9      | Noticed a sixfirhy
  9672 | D:8      | Noticed a rust devil
  9710 | D:8      | Reached skill level 1 in Stealth
  9911 | D:9      | Noticed an orange demon
 11027 | D:9      | Reached skill level 10 in Long Blades
 11098 | D:9      | Noticed a death yak
 11098 | D:9      | Noticed a death yak
 11098 | D:9      | Noticed a death yak
 11147 | D:8      | Killed a death yak
 11147 | D:8      | Reached ***** piety under Okawaru
 11514 | D:8      | Killed a death yak
 11514 | D:8      | Reached skill level 1 in Invocations
 11514 | D:8      | Reached XP level 11. HP: 67/84 MP: 8/11
 11524 | D:8      | Killed a death yak
 11524 | D:8      | Received a gift from Okawaru
 11527 | D:8      | Got a pitted fustibalus {god gift}
 11867 | D:9      | Found a staircase to the Lair.
 12264 | D:9      | Found a staircase to the Orcish Mines.
 12332 | D:9      | Found a hide-covered altar of Uskayaw.
 12500 | D:10     | Entered Level 10 of the Dungeon
 12512 | D:10     | Noticed Harold
 12553 | D:10     | Noticed Urug
 12557 | D:10     | Killed Harold
 12559 | D:10     | HP: 3/84 [orc priest/divine providence (12)]
 12560 | D:10     | Paralysed by a hornet for 2 turns
 12562 | D:10     | Killed from afar by an orc priest

Illustrated notes

Levels and vault maps discovered:
D:1:      mrwooster_arrival_statue, layout_loops_ring
D:2:      layout_basic
D:3:      lemuel_castle_with_subvaults [lemuel_castle_interior_carwin_2],
          layout_basic, lemuel_doored_altar, skrybe_limestone_x,
          grunt_ministairs_2, minmay_diced_spiral
D:4:      layout_gridville, overflow_temple_1_default,
          kiku_gazebo_garden_becter, minmay_temple_entry_glassed_door,
          uniq_natasha, uniq_purgy
D:5:      layout_cave_pods, serial_column_ruins, column_ruins_hut,
          column_ruins_hut_ruined, column_ruins_grid_3, column_ruins_grid_1,
          column_ruins_open_tiny, minivault_4, nicolae_ru_awakened_eye
D:6:      layout_basic, kennysheep_mini, minmay_bent
D:7:      layout_basic, kennysheep_mini_moat, lemuel_blue_sif_altar,
          nicolae_ossuary_entry_monument
D:8:      layout_loops_ring, kennysheep_okawaru_gauntlet
D:9:      layout_rooms, nicolae_overflow_crystal_walls, dpeg_lair_monsters,
          zombieorc2_lemuel, uniq_joseph, uniq_maurice
D:10:     layout_basic, uniq_urug, uniq_harold
Temple:   regret_index_temple_waves

Skill      XL: |  1  2  3  4  5  6  7  8  9 10 11 |
---------------+----------------------------------+-----
Long Blades    | 2 3 4 5 7 9 10 | 10.6
Armour         | 3 4 5 6 7 |  7.3
Shields        | 3 4 5 6 7 8 |  8.0
Dodging        | 1 2 3 |  3.2
Fighting       | 4 5 6 7 |  7.6
Stealth        | 1 |  1.4
Invocations    | 1 |  1.1

Action                   |  1- 3 |  4- 6 |  7- 9 | 10-12 || total
-------------------------+-------+-------+-------+-------++-------
Melee: Long sword        |   101 |   258 |   626 |   447 ||  1432
       Falchion          |       |       |       |    36 ||    36
Invok: Heroism           |       |       |     2 |     8 ||    10
  Use: Scroll            |       |       |    14 |       ||    14
       Potion            |       |       |       |     5 ||     5
 Stab: Distracted        |       |       |       |     6 ||     6
Armor: Scale mail        |    45 |       |       |       ||    45
       Chain mail        |    15 |   226 |   233 |       ||   474
       Plate armour      |       |       |   140 |   312 ||   452
Dodge: Dodged            |    36 |    83 |   122 |   113 ||   354
Block: Kite shield       |    60 |   174 |   335 |   346 ||   915
       Rpst.: Long sword |     9 |    26 |    34 |    32 ||   101
       Falchion          |       |       |       |     1 ||     1

Table legend: (Time is in decaauts)
 A = Elapsed time spent in this place.
 B = Non-inter-level travel time spent in this place.
 C = Inter-level travel time spent in this place.
 D = Time resting spent in this place.
 E = Time spent auto-exploring this place.
 F = Levels seen in this place.
 G = Mean time per level.
                   A        B        C        D        E       F      G
               +--------+--------+--------+--------+--------+-----+--------+
         Total |  12759 |  12397 |    362 |   2423 |   6327 |  12 | 1063.2 |
       Dungeon |  12359 |  11997 |    362 |   2423 |   6222 |  10 | 1235.9 |
        Temple |     16 |     16 |      0 |      0 |      5 |   1 |   16.0 |
       Ossuary |    383 |    383 |      0 |      0 |    100 |   1 |  383.0 |
               +--------+--------+--------+--------+--------+-----+--------+

Top non-repeatable levels by time:
     D:8: 3365 daAuts
     D:3: 1953 daAuts
     D:6: 1272 daAuts
     D:9: 1221 daAuts
     D:1: 988 daAuts
     D:2: 985 daAuts
     D:4: 865 daAuts
     D:5: 835 daAuts
     D:7: 819 daAuts
 Ossuary: 383 daAuts
    D:10: 52 daAuts
  Temple: 16 daAuts
